 Dungeon Crawl Stone Soup version 0.29-a0-821-g66395355a5 (webtiles) character file.

Game seed: 16869271803805748465

78 Brotato the Sneak (level 4, -1/23 HPs)
             Began as a Vine Stalker Brigand on July 7, 2022.
             Slain by an orc
             ... wielding a +0 hand axe
              (4 damage)
             ... on level 2 of the Dungeon.
             The game lasted 00:03:02 (1510 turns).

Brotato the Sneak (Vine Stalker Brigand)            Turns: 1510, Time: 00:03:03

Health: -1/23      AC:  3    Str: 13    XL:     4   Next: 36%
Magic:  0/5        EV: 12    Int: 11    God:
Gold:   123        SH:  0    Dex: 18    Spells: 3/3 levels left

rFire   . . .      SeeInvis .   a - +2 dagger
rCold   . . .      Faith    .   (no shield)
rNeg    . . .      Spirit   +   b - +0 robe
rPois   +          Reflect  .   (no helmet)
rElec   .          Harm     .   c - +0 cloak
rCorr   +          Rampage  .   (no gloves)
Will    .....                   (no boots)
Stlth   +++.......              p - amulet of magic regeneration
HPRegen 0.87/turn               k - ring of resist corrosion
MPRegen 0.49/turn               m - ring of poison resistance

@: no status effects
A: fangs 2, regeneration 1, magic shield, antimagic bite, no potion heal 2
a: no special abilities


You were on level 2 of the Dungeon.
You visited 1 branch of the dungeon, and saw 3 of its levels.

You collected 123 gold pieces.

Inventory:

Hand Weapons
 a - a +2 dagger (weapon)
Missiles
 d - 14 poisoned darts (quivered)
 e - 3 curare-tipped darts
Armour
 b - a +0 robe (worn)
 c - a +0 cloak (worn)
Jewellery
 k - a ring of resist corrosion (left hand)
 m - a ring of poison resistance (right hand)
 p - an amulet of magic regeneration (around neck)
Scrolls
 f - a scroll of magic mapping {unknown}
 i - 2 scrolls of identify {unknown}
 j - a scroll of vulnerability {unknown}
 l - a scroll of fear {unknown}
 q - a scroll of fog {unknown}
Potions
 g - a potion of heal wounds {unknown}
 h - 2 potions of attraction {unknown}
 n - a potion of brilliance {unknown}
 o - a potion of lignification {unknown}


   Skills:
 + Level 2.2 Fighting
 + Level 2.3 Short Blades
 + Level 2.3 Throwing
 + Level 1.0 Armour
 + Level 1.4 Dodging
 + Level 5.2 Stealth


You had 3 spell levels left.
You didn't know any spells.
Your spell library contained the following spells:

 Spells                   Type           Power      Damage    Failure   Level
 Gell's Gravitas          Tloc           0%         N/A       71%         3
 Lesser Beckoning         Tloc           0%         N/A       71%         3
 Portal Projectile        Hex/Tloc       0%         N/A       71%         3
 Teleport Other           Tloc           0%         N/A       71%         3
 Tukima's Dance           Hex            0%         N/A       71%         3
 Blade Hands              Tmut           0%         N/A       100%        5


Dungeon Overview and Level Annotations

Branches:
Dungeon (3/15)

Altars:

Shops:
D:2 !


Innate Abilities, Weirdness & Mutations

You have extremely sharp teeth.
Your natural rate of healing is unusually fast.
When hurt, damage is shared between your health and your magic reserves.
Your bite disrupts and absorbs the magic of your enemies.
Potions cannot restore your health.


Message History

The orc priest barely misses you.
You hit the orc priest.
The orc priest is moderately wounded.
The orc priest hits you with a +0 dagger.
The orc priest attacks as you move away!
The orc priest closely misses you.
There is a stone staircase leading up here.
The orc priest invokes the aid of Beogh against you.
Beogh smites you!
Ouch! That really hurt!
* * * LOW HITPOINT WARNING * * *
You climb upwards.
There is a stone staircase leading down here.
You completely miss the orc priest. You bite the orc priest.
You drain its power.
You feel invigorated.
The orc priest is heavily wounded.
The orc priest barely misses you. The orc closely misses you.
You barely miss the orc priest.
The orc priest is heavily wounded.
The orc priest hits you with a +0 dagger.
The orc hits you with a +0 hand axe.
* * * LOW HITPOINT WARNING * * *
You hit the orc priest. Your bite misses the orc priest.
The orc priest is severely wounded.
The orc priest looks encouraged for a moment.
The orc hits you with a +0 hand axe.
You hit the orc priest.
You bite the orc priest, but do no damage.
The orc priest is almost dead.
You hit the orc priest.
You kill the orc priest!
The orc hits you but does no damage.
Your Armour skill increases to level 1!
You have reached level 4!
You feel agile.
You begin to heal more quickly.
You hit the orc.
The orc is heavily wounded.
The orc hits you with a +0 hand axe.
You die...

#.# #.....####..# #.#
##.###<....##....# #.#
#..........##.##.# #.#
#................#
#.###
#...##..#.......##
#...#
#...............#
###.#
#.#..##.#.#.....# #.#
#.#..##.#.#..†..# #.#
#....†....#.)@o.# #.#
####.############ #.#
#.# #.## #.# #########
#..# #.# ##.......#
##.# #.# #........#
#.# #.#
#..####..######.#
#.####..##...........#
#...>......#..########


You could see an orc.

Vanquished Creatures
  An orc priest (D:2)
  A dart slug (D:2)
  2 orcs
  5 bats
  5 endoplasms
  7 giant cockroaches
  3 hobgoblins
  4 quokkas
  6 ball pythons (D:2)
  A frilled lizard (D:2)
  A goblin (D:2)
  2 kobolds
  3 rats
41 creatures vanquished.

Notes
Turn   | Place    | Note
-------+----------+-------------------------------------------
     0 | D:1      | Brotato the Vine Stalker Brigand began the quest for the
                  | Orb.
     0 | D:1      | Reached XP level 1. HP: 11/11 MP: 2/2
     4 | D:1      | Noticed a demigod
     4 | D:1      | Noticed a felid
     6 | D:1      | Noticed a minotaur
     6 | D:1      | Noticed a draconian
     8 | D:1      | Noticed a tengu
    10 | D:1      | Noticed a dwarf
    12 | D:1      | Noticed a vine stalker
    14 | D:1      | Noticed a ghoul
    14 | D:1      | Noticed a vampire
    16 | D:1      | Noticed an elf
    16 | D:1      | Noticed a troll
    18 | D:1      | Noticed an ogre
    18 | D:1      | Noticed a naga
    20 | D:1      | Noticed a merfolk
    20 | D:1      | Noticed an octopode
    22 | D:1      | Noticed a demonspawn
    24 | D:1      | Noticed a gargoyle
    24 | D:1      | Noticed a spriggan
    26 | D:1      | Noticed a human
    28 | D:1      | Noticed a formicid
   153 | D:1      | Found a faded altar of an unknown god.
   188 | D:1      | Reached XP level 2. HP: 15/15 MP: 3/3
   283 | D:1      | Reached skill level 1 in Dodging
   291 | D:1      | Reached skill level 5 in Stealth
   597 | D:2      | Found Ushipp's Distillery.
   673 | D:2      | Reached XP level 3. HP: 16/18 MP: 4/4
  1151 | D:3      | Noticed a black bear
  1510 | D:2      | Reached skill level 1 in Armour
  1510 | D:2      | Gained mutation: Your natural rate of healing is unusually
                  | fast. [Vine Stalker growth]
  1510 | D:2      | Reached XP level 4. HP: 2/23 MP: 1/5
  1510 | D:2      | Slain by an orc

Illustrated notes

Levels and vault maps discovered:
D:1:      kb_arrival_jail, layout_basic, chequers_ecumenical_altar_simple_redux
D:2:      layout_loops_cross, serial_shops, shop
D:3:      layout_basic, hangedman_feature_mirror, uniq_crazy_yiuf_cottage

Skill      XL: |  1  2  3 |
---------------+----------+-----
Dodging        | 1 |  1.4
Stealth        | 5 |  5.2
Throwing       | 2 |  2.3
Fighting       | 2 |  2.2
Short Blades   | 2 |  2.3
Armour         | 1 |  1.0

Action                   |  1- 3 |  4- 6 || total
-------------------------+-------+-------++-------
Melee: Dagger            |    72 |     1 ||    73
       Bite              |    18 |       ||    18
 Stab: Sleeping          |    19 |       ||    19
Armor: Robe              |     9 |       ||     9
Dodge: Dodged            |    35 |       ||    35

Table legend: (Time is in decaauts)
 A = Elapsed time spent in this place.
 B = Non-inter-level travel time spent in this place.
 C = Inter-level travel time spent in this place.
 D = Time resting spent in this place.
 E = Time spent auto-exploring this place.
 F = Levels seen in this place.
 G = Mean time per level.
                   A        B        C        D        E       F      G
               +--------+--------+--------+--------+--------+-----+--------+
         Total |   1504 |   1428 |     76 |    273 |    885 |   3 |  501.3 |
       Dungeon |   1504 |   1428 |     76 |    273 |    885 |   3 |  501.3 |
               +--------+--------+--------+--------+--------+-----+--------+

Top non-repeatable levels by time:
     D:2: 1071 daAuts
     D:1: 397 daAuts
     D:3: 35 daAuts
